 Dungeon Crawl Stone Soup version 0.20.1-1-g8b1a95d (console) character file.

123 Kloppie the Chopper (level 4, -4/39 HPs)
             Began as a Minotaur Fighter on July 14, 2017.
             Slain by Sigmund
             ... wielding a +0 scythe
              (7 damage)
             ... on level 2 of the Dungeon.
             The game lasted 00:01:32 (805 turns).

Kloppie the Chopper (Minotaur Fighter)               Turns: 805, Time: 00:01:33

Health: -4/39      AC:  9    Str: 26    XL:     4   Next: 80%
Magic:  12/12      EV:  6    Int:  5    God:
Gold:   66         SH: 10    Dex: 10    Spells: 3/3 levels left

rFire    . . .     SeeInvis .   a - +0 war axe
rCold    . . .     Gourm    .   c - +0 shield
rNeg     . . .     Faith    .   v - +0 chain mail
rPois    .         Spirit   .   (helmet restricted)
rElec    .         Reflect  .   (no cloak)
rCorr    .         Harm     .   (no gloves)
MR       .....                  (no boots)
Stlth    ..........             (no amulet)
Regen    0.2/turn               w - ring of magical power
MPRegen  0.2/turn               (no ring)

@: mighty
A: retaliatory headbutt, horns 2
a: no special abilities


You were on level 2 of the Dungeon.
You were not hungry.

You visited 1 branch of the dungeon, and saw 2 of its levels.

You collected 66 gold pieces.

Inventory:

Hand Weapons
 a - a +0 war axe (weapon)
Armour
 c - a +0 shield (worn)
 v - a +0 chain mail (worn)
Jewellery
 w - a ring of magical power (left hand)
Scrolls
 b - a scroll of fear {unknown}
 h - a scroll of amnesia {unknown}
 j - 2 scrolls of remove curse {unknown}
 k - a scroll of enchant armour {unknown}
 n - 2 scrolls of blinking {unknown}
 p - a scroll of fog {unknown}
 r - a scroll of recharging {unknown}
Potions
 e - a potion of degeneration {unknown}
 i - 3 potions of curing {unknown}
 m - a potion of agility {unknown}
 q - a potion of mutation {unknown}
 s - a potion of heal wounds {unknown}
 t - a potion of resistance {unknown}
 u - a potion of cancellation {unknown}
Comestibles
 f - 3 bread rations
 g - 11 chunks of flesh
 l - a royal jelly
 o - a meat ration


   Skills:
 - Level 3.6 Fighting
 + Level 6.1 Axes
 - Level 3.6 Armour
 - Level 3.6 Shields


You had 3 spell levels left.
You didn't know any spells.

Dungeon Overview and Level Annotations

Branches:
Dungeon (2/15)

Altars:
Uskayaw
The Shining One

Annotations:
D:2 Sigmund


Innate Abilities, Weirdness & Mutations

You reflexively headbutt those who attack you in melee.
You have a pair of horns on your head.


Message History

Sigmund flickers and vanishes!
Deactivating autopickup; reactivate with Ctrl-A.
You closely miss Natasha. You headbutt Natasha!
You kill Natasha!
Natasha screams in fury as she dies!
Your Axes skill increases to level 6!
Something hits you but does no damage.
Found a glowing golden altar of the Shining One.
Found a stone staircase leading up.
You closely miss something. You headbutt something!
You block something's attack.
You closely miss something. Something hits you but does no damage.
You miss something. You block something's attack.
You closely miss something. Something hits you but does no damage.
You miss something. Your headbutt misses something. Something hits you.
* * * LOW HITPOINT WARNING * * *
You miss something.
Your shield and chain mail prevent you from hitting something.
Something hits you!
You die...

##. .# ##.. .. ####...
#. ......_ #.## .......
..# ....... #.#
#########
.......###.#####........
.......@†...............
......{###.#####........
....... #..# #........
.....<. ##.# #........
.......# .# #........
##..##..## .#####.......
##...#...#..#....#####.
##...#.........## #...
..............# ####


There were no monsters in sight!

Vanquished Creatures
  Jessica (D:2)
  Natasha (twice) (D:2)
  A dart slug (D:1)
  A leopard gecko (D:1)
  2 giant cockroaches (D:1)
  8 goblins
  3 hobgoblins
  9 jackals
  4 kobolds
  6 bats
  A frilled lizard (D:2)
  3 rats
41 creatures vanquished.

Vanquished Creatures (others)
  4 toadstools (D:1)
4 creatures vanquished.

Grand Total: 45 creatures vanquished

Notes
Turn   | Place    | Note
-------+----------+-------------------------------------------
     0 | D:1      | Kloppie the Minotaur Fighter began the quest for the Orb.
     0 | D:1      | Reached XP level 1. HP: 19/19 MP: 0/0
    61 | D:1      | Reached skill level 3 in Axes
   110 | D:1      | Reached XP level 2. HP: 23/26 MP: 1/1
   215 | D:1      | Reached skill level 4 in Axes
   401 | D:1      | Reached XP level 3. HP: 31/31 MP: 2/2
   597 | D:2      | Noticed Jessica
   615 | D:2      | Killed Jessica
   615 | D:2      | Reached skill level 5 in Axes
   615 | D:2      | Reached XP level 4. HP: 32/39 MP: 3/3
   725 | D:2      | Found a hide-covered altar of Uskayaw.
   746 | D:2      | Noticed Natasha
   756 | D:2      | Killed Natasha
   790 | D:2      | Noticed Sigmund
   791 | D:2      | Noticed Natasha
   797 | D:2      | Killed Natasha
   797 | D:2      | Reached skill level 6 in Axes
   798 | D:2      | Found a glowing golden altar of the Shining One.
   805 | D:2      | Slain by Sigmund

Skill      XL: |  1  2  3  4 |
---------------+-------------+-----
Axes           | 3 4 5 6 |  6.1
Fighting       | |  3.6
Armour         | |  3.6
Shields        | |  3.6

Action                   |  1- 3 |  4- 6 || total
-------------------------+-------+-------++-------
Melee: War axe           |    84 |    26 ||   110
       Headbutt          |    11 |     3 ||    14
  Use: Potion            |       |     1 ||     1
Armor: Scale mail        |    35 |       ||    35
       Chain mail        |    16 |     8 ||    24
Dodge: Dodged            |    22 |     5 ||    27
Block: Shield            |    44 |     8 ||    52
